 Dungeon Crawl Stone Soup version 0.21-a0-630-g344d351 (webtiles) character file.

169 Gaball the Slasher (level 5, -1/41 HPs)
             Began as a Demonspawn Abyssal Knight on Dec 27, 2017.
             Was a Believer of Lugonu.
             Slain by a gnoll
             ... wielding a +0 club
              (3 damage)
             ... on level 3 of the Dungeon.
             The game lasted 00:05:33 (2487 turns).

Gaball the Slasher (Demonspawn Abyssal Knight)      Turns: 2487, Time: 00:05:34

Health: -1/41      AC:  8    Str: 14    XL:     5   Next: 25%
Magic:  6/6        EV:  6    Int: 13    God:    Lugonu [**....]
Gold:   87         SH:  4    Dex: 12    Spells: 4/4 levels left

rFire    . . .     SeeInvis .   a - +1 falchion
rCold    . . .     Gourm    .   (no shield)
rNeg     . . .     Faith    .   q - +0 chain mail
rPois    .         Spirit   .   (helmet restricted)
rElec    .         Reflect  .   (no cloak)
rCorr    .         Harm     .   (no gloves)
MR       .....                  (no boots)
Stlth    ..........             (no amulet)
HPRegen  0.13/turn              (no ring)
MPRegen  0.10/turn              (no ring)

@: no status effects
A: horns 1, large bone plates 1, spiny 1
a: Depart the Abyss, Bend Space, Renounce Religion


You were on level 3 of the Dungeon.
You worshipped Lugonu.
Lugonu was pleased with you.
You were not hungry.

You visited 1 branch of the dungeon, and saw 3 of its levels.
You visited the Abyss 1 time.

You collected 87 gold pieces.

Inventory:

Hand Weapons
 a - a +1 falchion (weapon)
Missiles
 o - 4 tomahawks (quivered)
Armour
 b - a +0 leather armour
 n - a +0 ring mail
 q - a +0 chain mail (worn)
Jewellery
 h - an uncursed ring of see invisible {unknown}
 k - a +4 ring of strength {unknown}
 l - a cursed ring of loudness {unknown}
Scrolls
 d - 3 scrolls of identify {unknown}
 g - a scroll of fear {unknown}
 i - a scroll of remove curse {unknown}
 m - 2 scrolls of amnesia {unknown}
 p - a scroll of magic mapping {unknown}
Potions
 e - a potion of heal wounds {unknown}
 f - 2 potions of degeneration {unknown}
 j - 2 potions of haste
Comestibles
 c - 4 rations


   Skills:
 - Level 3.0 Fighting
 + Level 5.0 Long Blades
 - Level 1.7 Armour
 - Level 0.8 Dodging
 - Level 2.4 Invocations


You had 4 spell levels left.
You didn't know any spells.

Dungeon Overview and Level Annotations

Branches:
Dungeon (3/15)

Altars:
Hepliaklqana
Yredelemnul
Zin


Innate Abilities, Weirdness & Mutations

You have a pair of small horns on your head.
You are partially covered in large bone plates. (SH +4)
You are partially covered in sharp spines.


Message History

The gnoll hits you from afar with a halberd!
* * * LOW HITPOINT WARNING * * *
Found a ration.
Okay, then.
Found a faded altar of an unknown god.
You see here a ration.
An orc comes into view. It is wielding a hand axe.
The orc shouts!
You hear a shout!
The orc moves out of view.
Found 11 gold pieces.
A kobold comes into view.
Found 2 scrolls labeled POASIUHIYQUO.
The orc hits you with a hand axe.
* * * LOW HITPOINT WARNING * * *
You open the door. The orc hits you but does no damage.
There is an open door here.
The gnoll is struck by your spines. The gnoll hits you with a club.
* * * LOW HITPOINT WARNING * * *
The gnoll is struck by your spines. The gnoll hits you with a club.
You die...

........?....#
.............#
#######g######
#.# #g# #o#
#K#
########g###
.......@...#
############


You could see 3 gnolls, an orc and a kobold.

Vanquished Creatures
  Terence (D:2)
  Jessica (D:2)
  Natasha (D:3)
  3 adders
  2 worms
  3 dart slugs
  3 leopard geckos
  6 orcs (D:3)
  7 bats
  6 goblins
  2 hobgoblins (D:2)
  2 jackals (D:1)
  5 kobolds
  A quokka (D:3)
  3 frilled lizards
  5 rats
51 creatures vanquished.

Notes
Turn   | Place    | Note
-------+----------+-------------------------------------------
     0 | Abyss:1  | Gaball the Demonspawn Abyssal Knight began the quest for the Orb.
     0 | Abyss:1  | Reached XP level 1. HP: 18/18 MP: 2/2
    15 | Abyss:1  | Noticed a crimson imp
    23 | Abyss:2  | Found a corrupted altar of Lugonu.
    61 | Abyss:2  | Noticed a ynoxinul
    73 | Abyss:4  | Found a corrupted altar of Lugonu.
    90 | Abyss:5  | Entered Level 5 of the Abyss
   110 | Abyss:5  | Noticed a starcursed mass
   111 | D:1      | Escaped the Abyss
   121 | D:1      | Reached * piety under Lugonu
   121 | D:1      | Reached skill level 2 in Long Blades
   390 | D:1      | Gained mutation: You are partially covered in large bone plates. (SH +4) [demonic ancestry]
   390 | D:1      | Reached XP level 2. HP: 10/24 MP: 3/3
   940 | D:1      | Reached skill level 3 in Long Blades
  1189 | D:2      | Gained mutation: You are partially covered in sharp spines. [demonic ancestry]
  1189 | D:2      | Reached XP level 3. HP: 23/29 MP: 4/4
  1210 | D:2      | Noticed Terence
  1398 | D:2      | Found a basalt altar of Yredelemnul.
  1657 | D:2      | Noticed Jessica
  1662 | D:2      | Killed Jessica
  1662 | D:2      | Reached skill level 4 in Long Blades
  1662 | D:2      | Reached XP level 4. HP: 27/35 MP: 5/5
  1736 | D:2      | Killed Terence
  2017 | D:2      | Found a glowing silver altar of Zin.
  2301 | D:3      | Reached ** piety under Lugonu
  2353 | D:3      | Noticed Natasha
  2363 | D:3      | Killed Natasha
  2363 | D:3      | Reached skill level 5 in Long Blades
  2363 | D:3      | Gained mutation: You have a pair of small horns on your head. [demonic ancestry]
  2363 | D:3      | Reached XP level 5. HP: 33/41 MP: 6/6
  2452 | D:3      | Found a hazy altar of Hepliaklqana.
  2457 | D:3      | HP: 1/41 [gnoll/halberd (8)]
  2466 | D:3      | Found a faded altar of an unknown god.
  2473 | D:3      | HP: 2/41 [orc/hand axe (1)]
  2486 | D:3      | HP: 2/41 [gnoll/club (2)]
  2487 | D:3      | Slain by a gnoll

Vault maps used:
D:1:      scummos_arrival_simple_fountains, st_stairs_13
D:2:      lemuel_doored_altar, nicolae_overflow_hidden_temple, uniq_terence,
          uniq_jessica
D:3:      lemuel_crystal_altar, chequers_ecumenical_altar_simple_redux,
          first_ration, uniq_natasha
Abyss:1:  hangedman_decor_points
Abyss:2:  minivault_24, hangedman_elemental_corridor
Abyss:3:  hangedman_decor_peaks_small, evilmike_abyss_exit_smiterflies,
          dshaligram_kb_abyss_rune_zappy_water_cross
Abyss:4:  hangedman_abyss_river_spirits, grunt_abyss_rune_forest_and_sorcery,
          evilmike_abyss_exit_3
Abyss:5:  evilmike_abyss_exit_16, nicolae_abyss_rune_star_stuff,
          evilmike_abyss_exit_chaos

Skill      XL: |  1  2  3  4 |
---------------+-------------+-----
Long Blades    | 2 3 4 5 |  5.0
Fighting       | |  3.0
Armour         | |  1.7
Dodging        | |  0.8
Invocations    | |  2.4

Action                   |  1- 3 |  4- 6 || total
-------------------------+-------+-------++-------
Melee: Falchion          |    87 |    60 ||   147
       Headbutt          |       |     4 ||     4
Invok: Depart the Abyss  |     1 |       ||     1
  Eat: Chunk             |     2 |     3 ||     5
Armor: Leather armour    |    25 |       ||    25
       Ring mail         |       |     4 ||     4
       Chain mail        |       |     6 ||     6
Dodge: Dodged            |    38 |    21 ||    59
Block: Other             |     9 |    15 ||    24
       Rpst.: Falchion   |    14 |     7 ||    21

Table legend:
 A = Spawn XP
 B = Non-spawn XP
 C = Spawn XP percentage of total XP
 D = Spawn monster count
 E = Non-spawn monster count
 F = Spawn count percentage of total count
 G = Total turns spent on level
                    A         B        C        D         E        F      G
               +---------+---------+-------+---------+---------+-------+---------
         Total |       0 |     242 |   0.0 |       0 |      51 |   0.0 |  2487
               +---------+---------+-------+---------+---------+-------+---------
           D:1 |       0 |      33 |   0.0 |       0 |      17 |   0.0 |  1078
           D:2 |       0 |     117 |   0.0 |       0 |      20 |   0.0 |  1055
           D:3 |       0 |      92 |   0.0 |       0 |      14 |   0.0 |   243
               +---------+---------+-------+---------+---------+-------+---------
